 Dungeon Crawl Stone Soup version 0.30-a0-802-gb92711bcdf (webtiles) character file.

Game seed: 3828625538939220192

302 Demosthentine the Poker (level 6, -4/47 HPs)
             Began as a Demonspawn Gladiator on Feb 25, 2023.
             Was a Follower of Qazlal.
             Killed by nerve-wracking pain
             ... invoked by an orc priest
              (5 damage)
             ... on level 5 of the Dungeon.
             The game lasted 00:04:24 (3869 turns).

Demosthentine the Poker (Demonspawn Gladiator)      Turns: 3869, Time: 00:04:24

Health: -4/47      AC:  6    Str: 14    XL:     6   Next: 14%
Magic:  6/6        EV: 13    Int:  9    God:    Qazlal [*.....]
Gold:   191        SH:  1    Dex: 17    Spells: 5/5 levels left

rFire   . . .      SeeInvis .    a - +0 trident
rCold   . . .      Faith    .    (no shield)
rNeg    . . .      Spirit   .    b - +0 leather armour
rPois   .          Reflect  .    c - +1 helmet
rElec   .          Harm     .    (no cloak)
rCorr   .          Rampage  .    r - +0 pair of gloves
Will    .....                    (no boots)
Stlth   +                        (no amulet)
HPRegen 0.27/turn                (no ring)
MPRegen 0.10/turn                (no ring)

@: no status effects
A: powered by pain 2
a: Renounce Religion


You were on level 5 of the Dungeon.
You worshipped Qazlal.
Qazlal was aware of your devotion.
You visited 2 branches of the dungeon, and saw 6 of its levels.

You collected 191 gold pieces.

Inventory:

Hand Weapons
 a - a +0 trident (weapon)
Missiles
 d - 3 throwing nets (quivered)
 e - a javelin
Armour
 b - a +0 leather armour (worn)
 c - a +1 helmet (worn)
 r - a +0 pair of gloves (worn)
Jewellery
 h - a ring of flight
Wands
 p - a wand of paralysis (2)
Scrolls
 i - a scroll of magic mapping
 k - 3 scrolls of teleportation
 q - 2 scrolls of noise
 t - a scroll of enchant armour
Potions
 f - a potion of resistance
 g - 5 potions of haste {unknown}
 j - a potion of curing
 l - 2 potions of brilliance {unknown}
 m - 2 potions of degeneration {unknown}
 n - a potion of mutation {unknown}
 o - 2 potions of might {unknown}
 u - 2 potions of flight {unknown}


   Skills:
 + Level 3.5 Fighting
 + Level 3.9 Polearms
 - Level 1.7 Throwing
 + Level 2.6 Armour
 + Level 3.9 Dodging


You had 5 spell levels left.
You didn't know any spells.
Your spell library was empty.

Dungeon Overview and Level Annotations

Branches:
Dungeon (5/15)             Temple (1/1) D:5

Altars:
Ashenzari
Cheibriados
Dithmenos
Fedhas
Gozag
Hepliaklqana
Kikubaaqudgha
Okawaru
Qazlal
Uskayaw
Xom

Shops:
D:4 *

Annotations:
D:2 Robin
D:4 1 runed translucent door, F1ng0rz's ghost, novice OpTm


Innate Abilities, Weirdness & Mutations

You sometimes gain power by taking damage.


Message History

The orc priest is lightly wounded.
The orc hits you but does no damage. The orc priest hits you with a +0 club.
You hit the orc priest but do no damage.
The orc priest is lightly wounded.
The orc hits you but does no damage. The orc priest misses you.
You closely miss the orc priest.
The orc priest is lightly wounded.
You block the orc's attack. The orc priest misses you.
You hit the orc priest.
The orc priest is heavily wounded.
The orc hits you with a +0 dagger.
The orc priest invokes the aid of Beogh against you.
Pain shoots through your body!
You hit the orc priest but do no damage.
The orc priest is heavily wounded.
The orc hits you with a +0 dagger.
The orc priest miscasts a cantrip.
You hit the orc priest but do no damage.
The orc priest is heavily wounded.
The orc hits you but does no damage. The orc priest hits you with a +0 club.
You hit the orc priest but do no damage.
The orc priest is heavily wounded.
The orc hits you but does no damage. The orc priest hits you with a +0 club.
You hit the orc priest but do no damage.
The orc priest is heavily wounded.
The orc misses you.
The orc priest invokes the aid of Beogh against you.
Pain shoots through your body!
* * * LOW HITPOINT WARNING * * *
The orc hits you with a +0 dagger.
* * * LOW HITPOINT WARNING * * *
The orc priest calls down the wrath of Beogh upon you.
Beogh smites you!
* * * LOW HITPOINT WARNING * * *
You hit the orc priest but do no damage.
The orc priest is heavily wounded.
The orc hits you but does no damage.
The orc priest calls down the wrath of Beogh upon you.
Pain shoots through your body!
You die...

#.# #.# #.# ##+## #.#
##...## ###.#####
##.....## #.......#
#.......## #.......#
.........###....(..####.
.........'.....)@.......
.........###.(.oo§..###.
#<......## #........#
##....>## #........#
##...## ####...#.# ##†##
#.#.#.# #.# #.#.#.# #.#
#. .# ...


You could see an orc priest and an orc.

Vanquished Creatures
  An orc wizard (D:3)
  8 adders
  7 gnolls
  4 dart slugs
  6 orcs
  7 endoplasms
  2 giant cockroaches
  22 goblins
  7 hobgoblins
  11 jackals
  4 quokkas
  7 ball pythons
  11 bats
  2 frilled lizards (D:1)
  12 kobolds
  6 rats
117 creatures vanquished.

Vanquished Creatures (others)
  15 plants (D:3)
15 creatures vanquished.

Grand Total: 132 creatures vanquished

Notes
Turn   | Place    | Note
-------+----------+-------------------------------------------
     0 | D:1      | Demosthentine the Demonspawn Gladiator began the quest for
                  | the Orb.
     0 | D:1      | Reached XP level 1. HP: 16/16 MP: 1/1
   142 | D:1      | Found a faded altar of an unknown god.
   201 | D:1      | Gained mutation: You sometimes gain a little power by
                  | taking damage. [demonic ancestry]
   201 | D:1      | Reached XP level 2. HP: 22/22 MP: 2/2
   350 | D:1      | Reached skill level 1 in Armour
   615 | D:1      | Reached XP level 3. HP: 28/28 MP: 3/3
   796 | D:2      | Noticed Robin
   998 | D:2      | Reached XP level 4. HP: 33/34 MP: 4/4
  1552 | D:3      | Found a large runed translucent door.
  1681 | D:3      | Found a large runed translucent door.
  1808 | D:3      | Gained mutation: You sometimes gain power by taking damage.
                  | [demonic ancestry]
  1808 | D:3      | Reached XP level 5. HP: 37/41 MP: 5/5
  2070 | D:3      | You fall into a shaft and drop 2 floors!
  2070 | D:5      | Entered Level 5 of the Dungeon
  2179 | D:5      | Found a staircase to the Ecumenical Temple.
  2223 | Temple   | Entered the Ecumenical Temple
  2301 | Temple   | Became a worshipper of Qazlal Stormbringer
  3039 | D:3      | Found an ancient bone altar of Kikubaaqudgha.
  3042 | D:3      | Found a shadowy altar of Dithmenos.
  3098 | D:4      | Found Liczu's General Store.
  3202 | D:4      | Reached * piety under Qazlal
  3499 | D:3      | Reached XP level 6. HP: 36/47 MP: 6/6
  3667 | D:4      | Found a runed translucent door.
  3675 | D:4      | Noticed F1ng0rz's ghost (novice OpTm)
  3868 | D:5      | HP: 1/47 [orc priest/divine providence (11)]
  3869 | D:5      | Killed from afar by an orc priest

Illustrated notes

Levels and vault maps discovered:
D:1:      roderic_chinese_lattice_arrival, layout_basic,
          chequers_ecumenical_altar_simple, minmay_misc_feat_enclosed,
          minmay_tiny_reverse_x
D:2:      layout_loops_ring, uniq_robin
D:3:      layout_loops_corners, jmf_multi_god_temple2, nicolae_grassy_gnolls
D:4:      layout_cave_pools, mainiacjoe_overflow_concentric_impassable,
          serial_shops, shop, ebering_ghost_sewer_d
D:5:      layout_loops_corners, minitemple, minmay_temple_entry_trees
Temple:   jpeg_temple_clearing

Skill      XL: |  1  2  3  4 |
---------------+-------------+-----
Armour         | 1 2 |  2.6
Polearms       | 3 |  3.9
Dodging        | 3 |  3.9
Fighting       | 3 |  3.5
Throwing       | |  1.7

Action                     |  1- 3 |  4- 6 || total
---------------------------+-------+-------++-------
  Melee: Trident           |   133 |   303 ||   436
    Use: Scroll            |     4 |     6 ||    10
   Stab: Distracted        |     1 |       ||     1
         Sleeping          |       |     1 ||     1
 Armour: Leather armour    |    33 |    85 ||   118
  Dodge: Dodged            |    77 |   203 ||   280
  Block: Other             |       |     2 ||     2

Table legend: (Time is in decaauts)
 A = Elapsed time spent in this place.
 B = Non-inter-level travel time spent in this place.
 C = Inter-level travel time spent in this place.
 D = Time resting spent in this place.
 E = Time spent auto-exploring this place.
 F = Levels seen in this place.
 G = Mean time per level.
                   A        B        C        D        E       F      G
               +--------+--------+--------+--------+--------+-----+--------+
         Total |   3927 |   3781 |    146 |    113 |   2688 |   6 |  654.5 |
       Dungeon |   3837 |   3691 |    146 |    113 |   2624 |   5 |  767.4 |
        Temple |     89 |     89 |      0 |      0 |     64 |   1 |   89.0 |
               +--------+--------+--------+--------+--------+-----+--------+

Top non-repeatable levels by time:
     D:3: 1297 daAuts
     D:2: 969 daAuts
     D:4: 683 daAuts
     D:1: 672 daAuts
     D:5: 214 daAuts
  Temple: 89 daAuts
